 Dungeon Crawl Stone Soup version 0.32-a0-779-g362cfcae2a (webtiles) character file.

Game seed: 15826432873896820737

22 ragingrage the Ruffian (level 2, -1/26 HPs)
             Began as a Ghoul Berserker on Mar 20, 2024.
             Was a Follower of Trog.
             Slain by a ball python (3 damage)
             ... on level 1 of the Dungeon.
             The game lasted 00:00:20 (249 turns).

ragingrage the Ruffian (Ghoul Berserker)             Turns: 249, Time: 00:00:21

Health: -1/26      AC:  2    Str: 26    XL:     2   Next: 91%
Magic:  2/2        EV:  0    Int:  6    God:    Trog [*.....]
Gold:   34         SH:  0    Dex:  8    Spells: 1/1 levels left

rFire   . .          .
                       - Unarmed
rCold   + . .        (no shield)
rNeg    + + +        a - +0 animal skin
rPois   ∞            (no helmet)
rElec   .            (no cloak)
rCorr   .            (no gloves)
SInv    .            (no boots)
Will    .....        (no amulet)
Stlth   ++           b - +6 ring of strength
HPRegen 0.00/turn    (no ring)
MPRegen 0.08/turn

%: no passive effects
@: inhibited regen, constricted
A: claws 1, cold resistance 1, negative energy resistance 3, inhibited
regeneration, torment resistance 2, devour on kill
a: Renounce Religion


You were on level 1 of the Dungeon.
You worshipped Trog.
Trog was aware of your devotion.
You visited 1 branch of the dungeon, and saw 1 of its levels.

You collected 34 gold pieces.

Inventory:

Armour
 a - a +0 animal skin (worn)
Jewellery
 b - a +6 ring of strength (left claw)
Scrolls
 c - a scroll of enchant armour {unknown}
Potions
 d - a potion of curing {unknown}
 e - a potion of mutation {unknown}


   Skills:
 - Level 3.2 Fighting
 - Level 1.7 Armour
 - Level 1.7 Dodging
 - Level 2.0 Stealth
 + Level 3.9 Unarmed Combat


You had one spell level left.
You didn't know any spells.
Your spell library was empty.

Dungeon Overview and Level Annotations

Branches:
Dungeon (1/15)

Altars:


Innate Abilities, Weirdness & Mutations

You are immune to poison.
You have sharp fingernails.
Your flesh is cold resistant. (rC+)
You are immune to negative energy. (rN+++)
You do not regenerate when monsters are visible.
You are immune to unholy pain and torment.
You thrive by killing the living.


Message History

You are too injured to fight recklessly!
You are too injured to fight recklessly!
You are too injured to fight recklessly!
You are too injured to fight recklessly!
There are monsters nearby!
You see here 7 stones.
A ball python comes into view.
The rat attacks as it pursues you! The rat bites you.
The ball python hisses angrily.
You claw the rat!
You kill the rat!
Trog accepts your kill.
You swing at nothing.
You scratch the hobgoblin. The hobgoblin closely misses you.
You claw the hobgoblin!
You kill the hobgoblin!
Trog accepts your kill.
You scratch the goblin but do no damage.
The ball python closely misses you. The ball python grabs you.
The ball python constricts you. The goblin hits you with a +0 club.
You scratch the goblin but do no damage.
The ball python bites you. The ball python constricts you.
You scratch the goblin.
You kill the goblin!
Trog accepts your kill.
The ball python bites you but does no damage.
The ball python constricts you.
* * * LOW HITPOINT WARNING * * *
Training target 2.0 for Stealth reached!
Your Stealth skill increases to level 2!
You swing at nothing.
The ball python bites you.
* * * LOW HITPOINT WARNING * * *
The ball python constricts you.
* * * LOW HITPOINT WARNING * * *
You swing at nothing.
The ball python bites you.
* * * LOW HITPOINT WARNING * * *
The ball python constricts you.
* * * LOW HITPOINT WARNING * * *
The ball python bites you.
You die...

....#.## ##......##
.......... #... ...
#.......###.#... ...
#......... .....
..##........# #....
#.#.S#.†...# #....
########.#@##g....## ##...
#........#)#(......# #...#
..................####.#..
.....................†.##.
####....###.....####†....
##..######..........###
#######.......###...##.†..#
#
#.........###.##.......†[##
#
#.......#.........#.##.###
#


You could see a ball python.

Vanquished Creatures
  3 dart slugs (D:1)
  An endoplasm (D:1)
  A giant cockroach (D:1)
  3 goblins (D:1)
  A hobgoblin (D:1)
  A ball python (D:1)
  2 frilled lizards (D:1)
  2 kobolds (D:1)
  2 rats (D:1)
16 creatures vanquished.

Notes
Turn   | Place    | Note
-------+----------+-------------------------------------------
     0 | D:1      | ragingrage the Ghoul Berserker began the quest for the Orb.
     0 | D:1      | Reached XP level 1. HP: 19/19 MP: 1/1
    43 | D:1      | Reached skill level 1 in Stealth
    49 | D:1      | Reached XP level 2. HP: 9/26 MP: 2/2
   249 | D:1      | Slain by a ball python

Illustrated notes

Levels and vault maps discovered:
D:1:      roderic_dead_forest, layout_rooms

Skill      XL: |  1  2 |
---------------+-------+-----
Stealth        | 1 2 |  2.0
Fighting       | |  3.2
Armour         | |  1.7
Dodging        | |  1.7
Unarmed Combat | |  3.9

Action                     || total
---------------------------++-------
  Melee: Unarmed           ||    38
 Armour: Animal skin       ||    29
  Dodge: Dodged            ||    16

Table legend: (Time is in decaauts)
 A = Elapsed time spent in this place.
 B = Non-inter-level travel time spent in this place.
 C = Inter-level travel time spent in this place.
 D = Time resting spent in this place.
 E = Time spent auto-exploring this place.
 F = Levels seen in this place.
 G = Mean time per level.
                   A        B        C        D        E       F      G
               +--------+--------+--------+--------+--------+-----+--------+
         Total |    245 |    245 |      0 |     49 |    111 |   1 |  245.0 |
       Dungeon |    245 |    245 |      0 |     49 |    111 |   1 |  245.0 |
               +--------+--------+--------+--------+--------+-----+--------+

Top non-repeatable levels by time:
     D:1: 245 daAuts
